[Event "Titled Tuesday Blitz November 01 Early 2022"]
[White "Zemlyanskii, Ivan"]
[Black "Oparin, Grigoriy"]
[WhiteFideId "24249971"]
[BlackFideId "24125890"]
[WhiteElo "2107"]
[BlackElo "2639"]
[Result "1-0"]
[Round "09"]
[TimeControl "180+1"]
[Date "2022.11.01"]
[WhiteClock "0:00:05"]
[BlackClock "0:00:01"]

1. d4 Nf6 2. c4 e6 3. Nf3 Bb4+ 4. Bd2 a5 5. a3 Bxd2+ 6. Qxd2 O-O 7. Nc3 d6 8. e4 e5 9. Be2 exd4 10. Nxd4 a4 11. O-O Re8 12. Qc2 Bd7 13. f4 Na6 14. Bf3 Nc5 15. Rad1 Qc8 16. h3 Ra5 17. Rfe1 h6 18. Nd5 Nh7 19. Qc3 b6 20. Qc2 Qb8 21. Nb4 Qc8 22. Ndc6 Bxc6 23. Nxc6 Ra8 24. e5 dxe5 25. Rd8 Qxd8 26. Nxd8 Raxd8 27. Rxe5 Rxe5 28. fxe5 Ng5 29. Bc6 Rd4 30. Bxa4 Nge4 31. Bc6 Rd2 32. Qb1 Ng3 33. Kh2 Ne2 34. Qf5 Ne6 35. Be8 Nd8 36. e6 fxe6 37. Qe5 Rd6 38. b4 Nd4 39. c5 bxc5 40. bxc5 Rd5 41. Qxc7 e5 42. Qc8 Kh7 43. Bd7 e4 44. Qxd8 e3 45. Bf5+ Rxf5 46. Qxd4 Re5 47. Qxe5 1-0


[Site "https://www.chess.com"]

[Event "Titled Tuesday Blitz November 01 Early 2022"]
[White "Zhu, Jiner"]
[Black "Faizrakhmanov, Ramil"]
[WhiteFideId "8608059"]
[BlackFideId "24103209"]
[WhiteElo "2384"]
[BlackElo "2421"]
[Result "1/2-1/2"]
[Round "09"]
[TimeControl "180+1"]
[Date "2022.11.01"]
[WhiteClock "0:00:06"]
[BlackClock "0:00:04"]

1. c4 Nf6 2. Nc3 e5 3. e4 Nc6 4. Nf3 Bb4 5. d3 d6 6. Be2 Bg4 7. Be3 O-O 8. O-O Bc5 9. a3 Bxe3 10. fxe3 a5 11. Qd2 Nd7 12. h3 Bxf3 13. Bxf3 Nc5 14. Rae1 a4 15. Nd5 Ne7 16. Bd1 Nxd5 17. exd5 Qg5 18. Rf2 f5 19. Bc2 Rf6 20. d4 Nd7 21. Ref1 exd4 22. exd4 Qxd2 23. Rxd2 Nb6 24. Bd3 Re8 25. Rxf5 Rxf5 26. Bxf5 Nxc4 27. Rc2 Ne3 28. Re2 Kf8 29. Bxh7 Nxd5 30. Rxe8+ Kxe8 31. Be4 Ne3 32. Bxb7 Kd7 33. d5 c5 34. Bc6+ Kc7 35. Bxa4 Nc4 36. b4 Nxa3 37. bxc5 dxc5 38. Kf2 Kd6 39. Bc6 Nc2 40. Ke2 Nd4+ 41. Kd3 Nxc6 42. dxc6 Kxc6 43. Ke4 Kb5 44. g4 c4 45. Ke3 Kb4 46. Kd2 Kb3 47. Kc1 Kc3 48. h4 Kd4 49. g5 Ke5 50. h5 Kf5 51. h6 gxh6 52. gxh6 Kg6 53. Kc2 Kxh6 54. Kc3 Kg6 55. Kxc4 1/2-1/2


[Site "https://www.chess.com"]

[Event "Titled Tuesday Blitz November 01 Early 2022"]
[White "parintele_chess"]
[Black "Celestino, Rafael Teixeira"]
[BlackFideId "2108925"]
[WhiteElo "2217"]
[BlackElo "2415"]
[Result "0-1"]
[Round "09"]
[TimeControl "180+1"]
[Date "2022.11.02"]
[WhiteClock "0:01:50"]
[BlackClock "0:01:11"]

1. d4 Nf6 2. c4 e6 3. Nc3 d5 4. cxd5 exd5 5. Bg5 Bb4 6. e3 h6 7. Bh4 g5 8. Bg3 Ne4 9. Qc2 c5 10. Bd3 Qe7 11. Ne2 Nxg3 12. hxg3 cxd4 13. Nxd4 Nc6 14. Kf1 Nxd4 15. exd4 Be6 16. Bb5+ Bd7 17. Re1 Bxb5+ 18. Nxb5 Qxe1# 0-1


[Site "https://www.chess.com"]

[Event "Titled Tuesday Blitz November 01 Early 2022"]
[White "Aarav Dengla"]
[Black "Vakhania, Alexandra"]
[WhiteFideId "45059756"]
[BlackFideId "13602560"]
[WhiteElo "2257"]
[BlackElo "2053"]
[Result "1-0"]
[Round "10"]
[TimeControl "180+1"]
[Date "2022.11.02"]
[WhiteClock "0:00:09"]
[BlackClock "0:00:14"]

1. e4 c6 2. d4 d5 3. exd5 cxd5 4. Bd3 Nc6 5. c3 Qc7 6. h3 e6 7. Nf3 Bd6 8. O-O Nge7 9. a4 e5 10. dxe5 Nxe5 11. Nxe5 Bxe5 12. Qc2 h6 13. Nd2 O-O 14. Nf3 Bf6 15. Be3 Nc6 16. Rfe1 b6 17. Rad1 Bb7 18. Qd2 Ne7 19. Bf4 Qc6 20. Bb5 Qc5 21. Nd4 Ng6 22. Bh2 a6 23. b4 Qc8 24. Bd3 a5 25. bxa5 Rxa5 26. Nb5 Rxa4 27. Nd6 Qd7 28. Bb5 Bc6 29. Bd3 Rfa8 30. Bf5 Qd8 31. Qd3 Nf4 32. Bxf4 Rxf4 33. Nxf7 Kxf7 34. Be6+ Kf8 35. Qh7 Re4 36. f3 Rxe6 37. Rxe6 Kf7 38. Rxc6 Ra2 39. Qf5 Qe8 40. Qxd5+ Kg6 41. Rxf6+ Kxf6 42. Qxa2 Qe3+ 43. Qf2 Qxc3 44. Qxb6+ Kg5 45. Qd4 Qc2 46. Qg4+ 1-0


[Site "https://www.chess.com"]

[Event "Titled Tuesday Blitz November 01 Early 2022"]
[White "Alexikov, Alexander"]
[Black "Schut, Han"]
[WhiteFideId "14103958"]
[BlackFideId "1005561"]
[WhiteElo "2222"]
[BlackElo "2024"]
[Result "1-0"]
[Round "10"]
[TimeControl "180+1"]
[Date "2022.11.02"]
[WhiteClock "0:01:20"]
[BlackClock "0:00:06"]

1. e4 c5 2. Nf3 d6 3. Bb5+ Bd7 4. Bxd7+ Qxd7 5. O-O g6 6. Re1 Nf6 7. c4 Bg7 8. d4 cxd4 9. Nxd4 O-O 10. f3 Rc8 11. b3 e6 12. Be3 d5 13. cxd5 exd5 14. e5 Ne8 15. f4 f6 16. e6 Qc7 17. f5 Nd6 18. Nd2 Nxf5 19. Nxf5 gxf5 20. Nf3 Nc6 21. Nd4 Qe5 22. Bf2 Qf4 23. Qd3 Ne5 24. Qxf5 Qxf5 25. Nxf5 Rc2 26. Rad1 Re8 27. e7 Ng4 28. Bg3 Bh6 29. h3 Be3+ 30. Nxe3 Nxe3 31. Rxe3 Rxa2 32. Rxd5 1-0


[Site "https://www.chess.com"]

[Event "Titled Tuesday Blitz November 01 Early 2022"]
[White "Amgalantengis, Enkh-Amgalan"]
[Black "Matinian, Nikita"]
[WhiteFideId "4903536"]
[BlackFideId "24129100"]
[WhiteElo "1772"]
[BlackElo "2422"]
[Result "1-0"]
[Round "10"]
[TimeControl "180+1"]
[Date "2022.11.02"]
[WhiteClock "0:00:29"]
[BlackClock "0:00:02"]

1. d4 g6 2. Nf3 Bg7 3. Nc3 d5 4. Bf4 c6 5. h4 h5 6. e3 Nd7 7. Bd3 Ngf6 8. Ne5 Nxe5 9. Bxe5 Bf5 10. Bxf5 gxf5 11. Qf3 Qd7 12. O-O-O Rg8 13. Bxf6 Bxf6 14. g3 Rh8 15. Ne2 a5 16. Nf4 a4 17. Nxh5 Qe6 18. Nxf6+ Qxf6 19. Qf4 a3 20. b3 Kd7 21. g4 fxg4 22. Qxg4+ e6 23. Qf4 Qxf4 24. exf4 Rag8 25. h5 Rg4 26. Kd2 Rxf4 27. Ke3 Rg4 28. Rh3 Rh6 29. Rdh1 f5 30. f3 Rg2 31. R3h2 Rg7 32. Kf4 Ke7 33. Ke5 Rg3 34. Kf4 Rg8 35. Re2 Kf6 36. Rhe1 Re8 37. Rh1 c5 38. dxc5 e5+ 39. Ke3 f4+ 40. Kd3 Kf5 41. c4 dxc4+ 42. Kxc4 e4 43. Rhe1 e3 44. Rh1 Reh8 45. Reh2 Rd8 46. b4 b6 47. cxb6 Rc8+ 48. Kb3 Rb8 49. Kxa3 Rbxb6 50. Kb3 Rbd6 51. a4 Rd3+ 52. Kc4 Ra3 53. a5 e2 54. Rxe2 Rxf3 55. Ra2 Re3 56. a6 Re4+ 57. Kb3 Re3+ 58. Kc4 Re4+ 59. Kd5 Re5+ 60. Kd4 Re4+ 61. Kd3 Re3+ 62. Kd2 Rd6+ 63. Kc1 Rc3+ 64. Kb1 Rb3+ 65. Ka1 Rd8 66. a7 Ra8 67. h6 f3 68. h7 f2 69. Rxf2+ Kg6 70. Ra2 Kg7 71. h8=Q+ 1-0


[Site "https://www.chess.com"]

[Event "Titled Tuesday Blitz November 01 Early 2022"]
[White "Arabidze, Meri"]
[Black "D`Arruda, Ricardo D."]
[WhiteFideId "13604040"]
[BlackFideId "100692"]
[WhiteElo "2403"]
[BlackElo "2486"]
[Result "1-0"]
[Round "10"]
[TimeControl "180+1"]
[Date "2022.11.02"]
[WhiteClock "0:00:12"]
[BlackClock "0:00:06"]

1. Nf3 d5 2. d4 Nf6 3. c4 c6 4. e3 g6 5. Nc3 Bg7 6. Be2 O-O 7. O-O Ne4 8. Qb3 Qb6 9. cxd5 Qxb3 10. axb3 Nxc3 11. bxc3 cxd5 12. Ba3 Re8 13. c4 e6 14. cxd5 exd5 15. Rfc1 Nc6 16. Bb5 Bd7 17. Bd6 a6 18. Bf1 Rac8 19. h3 f6 20. Bd3 Kf7 21. Bc5 Be6 22. b4 Bd7 23. b5 axb5 24. Bxb5 Ra8 25. Rab1 Ra2 26. Bd3 Bc8 27. Bc2 Rd8 28. Bb3 Ra8 29. e4 Be6 30. Bxd5 Bxd5 31. exd5 Rxd5 32. Rxb7+ Kg8 33. Bb6 Rd6 34. d5 Nd8 35. Bxd8 Raxd8 36. Rcc7 Bf8 37. Rxh7 Rxd5 38. g4 g5 39. Rhf7 R8d6 40. Kg2 Rd3 41. h4 gxh4 42. Nxh4 R3d4 43. Kg3 Rd3+ 44. f3 Re6 45. Nf5 Bd6+ 46. Nxd6 Rexd6 47. Rg7+ Kh8 48. Rh7+ Kg8 49. Rbg7+ Kf8 50. Ra7 Rd8 51. Rh8# 1-0


[Site "https://www.chess.com"]

[Event "Titled Tuesday Blitz November 01 Early 2022"]
[White "Barria Zuniga, Daniel"]
[Black "Weetik, Vjacheslav"]
[WhiteFideId "3400816"]
[BlackFideId "4153472"]
[WhiteElo "2414"]
[BlackElo "2469"]
[Result "0-1"]
[Round "10"]
[TimeControl "180+1"]
[Date "2022.11.02"]
[WhiteClock "0:00:55"]
[BlackClock "0:00:23"]

1. d4 Nf6 2. c4 g6 3. Nc3 Bg7 4. e4 d6 5. Be2 O-O 6. Nf3 e5 7. d5 a5 8. Bg5 h6 9. Bh4 Na6 10. Nd2 Qe8 11. O-O Nh7 12. a3 Bd7 13. b3 h5 14. f3 Bh6 15. Rb1 Be3+ 16. Kh1 Nc5 17. Qc2 f5 18. b4 axb4 19. axb4 Na4 20. Nb5 Bxb5 21. cxb5 Bd4 22. Rb3 f4 23. Qxc7 g5 24. Be1 Rc8 25. Qxb7 Rf7 26. Qa6 Nb6 27. Qa2 g4 28. fxg4 Ng5 29. gxh5 Rg7 30. Bh4 Be3 31. h6 Rg6 32. Bh5 Bxd2 33. Qxd2 Nc4 34. Qe2 Ne3 35. Bxg5 Nxf1 36. Qxf1 Qxb5 37. Be2 Qxe2 0-1


[Site "https://www.chess.com"]

[Event "Titled Tuesday Blitz November 01 Early 2022"]
[White "Bashirli, Saadat"]
[Black "Petrovic, Aleksa"]
[WhiteFideId "13429990"]
[BlackFideId "967629"]
[WhiteElo "1408"]
[BlackElo "2242"]
[Result "0-1"]
[Round "10"]
[TimeControl "180+1"]
[Date "2022.11.02"]
[WhiteClock "0:00:09"]
[BlackClock "0:02:00"]

1. d4 Nf6 2. c4 e6 3. Nc3 Bb4 4. e3 O-O 5. Bd3 d5 6. a3 Bxc3+ 7. bxc3 b6 8. Ne2 Ba6 9. cxd5 Qxd5 10. O-O Bxd3 11. Qxd3 Nbd7 12. f3 Nc5 13. Qd1 Nb3 14. Rb1 Nxc1 15. Qxc1 Qc4 16. Qc2 c5 17. Rfd1 Nd5 18. Kf2 cxd4 19. Rxd4 Qc5 20. Qb2 Rac8 21. Rc1 Nxe3 22. Kxe3 e5 23. Rd1 exd4+ 24. cxd4 Rfe8+ 25. Kf2 Qc2 26. Qxc2 Rxc2 27. Re1 Rd2 28. Kf1 f6 29. g3 Kf7 30. f4 f5 31. Kf2 g6 32. Kf1 h5 33. Kf2 b5 34. Kf1 a5 35. Kf2 b4 36. axb4 axb4 37. Kf1 b3 38. Kf2 Rexe2+ 39. Kf1 0-1


[Site "https://www.chess.com"]

[Event "Titled Tuesday Blitz November 01 Early 2022"]
[White "Begunov, Konstantin"]
[Black "Dehtiarov, Roman"]
[WhiteFideId "4118510"]
[BlackFideId "14186640"]
[WhiteElo "2225"]
[BlackElo "2200"]
[Result "0-1"]
[Round "10"]
[TimeControl "180+1"]
[Date "2022.11.02"]
[WhiteClock "0:00:03"]
[BlackClock "0:00:12"]

1. d4 Nf6 2. c4 e6 3. Nf3 b6 4. g3 Ba6 5. Qa4 Bb7 6. Bg2 c5 7. dxc5 bxc5 8. Nc3 Be7 9. O-O O-O 10. Rd1 d6 11. Bf4 Qb6 12. Rab1 a5 13. Rd2 Bc6 14. Qc2 e5 15. Bg5 Nbd7 16. Nh4 Bxg2 17. Nf5 Rfe8 18. Kxg2 Bf8 19. Rbd1 Re6 20. Nb5 Qc6+ 21. f3 e4 22. Nfxd6 exf3+ 23. exf3 Ne5 24. Qc3 Rd8 25. Nf5 Rxd2+ 26. Rxd2 Ne4 27. Qb3 Nxd2 28. Bxd2 Nxf3 29. Be3 Nh4+ 30. Kf1 Qf3+ 31. Ke1 Nxf5 32. Nc7 Rxe3+ 0-1


[Site "https://www.chess.com"]

[Event "Titled Tuesday Blitz November 01 Early 2022"]
[White "Besedes, Danilo"]
[Black "Garayev, Kanan"]
[WhiteFideId "946796"]
[BlackFideId "13406671"]
[WhiteElo "2352"]
[BlackElo "2244"]
[Result "1-0"]
[Round "10"]
[TimeControl "180+1"]
[Date "2022.11.02"]
[WhiteClock "0:00:14"]
[BlackClock "0:00:22"]

1. e4 c5 2. d3 Nc6 3. Nf3 Nf6 4. Nc3 d5 5. Bg5 d4 6. Ne2 g6 7. h4 h6 8. Bd2 Bg7 9. Ng3 Bg4 10. Be2 Qd7 11. h5 Nxh5 12. Nxh5 Bxh5 13. Rxh5 gxh5 14. a3 O-O-O 15. b4 c4 16. dxc4 d3 17. Bxd3 Bxa1 18. Qxa1 Qg4 19. b5 Qxg2 20. Ke2 Nb8 21. Qe5 Nd7 22. Qd4 Nb6 23. Qc5+ Kb8 24. Qe5+ Ka8 25. c5 Nd7 26. Qc7 Qg4 27. c6 Nc5 28. Be3 Qc8 29. Qxc8+ Rxc8 30. Bxc5 bxc6 31. bxc6 Rxc6 32. Bxe7 Re6 33. Bc5 f5 34. e5 h4 35. Bxf5 Ree8 36. Be4+ Kb8 37. Bd6+ Kc8 38. Nxh4 Kd7 39. c4 Rhg8 40. c5 Ke6 41. c6 Rd8 42. Nf5 Rg4 43. Nd4+ Kf7 44. Bd5+ Kg6 45. Ke3 Rg1 46. c7 Rc8 47. Be6 Rxc7 48. Bxc7 h5 49. f4 h4 50. f5+ Kh5 51. f6 Re1+ 52. Kf2 Re4 53. Nf3 Rf4 54. Bh3 Kg6 55. Ke3 Ra4 56. Bd6 a5 57. Bd7 Rc4 58. Be8+ Kf5 59. f7 Kg4 60. f8=Q Kh3 61. Bd7+ Kg2 62. Qf5 1-0


[Site "https://www.chess.com"]

[Event "Titled Tuesday Blitz November 01 Early 2022"]
[White "Blokhin, Sofia"]
[Black "Smietanska, Wiktoria"]
[WhiteFideId "4508190"]
[BlackFideId "21869359"]
[WhiteElo "2005"]
[BlackElo "1854"]
[Result "1-0"]
[Round "10"]
[TimeControl "180+1"]
[Date "2022.11.02"]
[WhiteClock "0:00:23"]
[BlackClock "0:00:01"]

1. e4 c5 2. Nf3 d6 3. d4 cxd4 4. Nxd4 Nf6 5. Nc3 a6 6. Be3 e5 7. Nb3 Be7 8. f3 O-O 9. Qd2 Be6 10. O-O-O Nbd7 11. Qf2 b5 12. g4 Rb8 13. h4 Nb6 14. Na5 Qc7 15. g5 Nh5 16. Nb3 b4 17. Nd5 Nxd5 18. exd5 Bf5 19. Bd3 Bxd3 20. Rxd3 a5 21. f4 a4 22. Na1 exf4 23. Bxf4 Nxf4 24. Qxf4 Rfc8 25. Rf1 Bf8 26. h5 b3 27. axb3 axb3 28. Rc3 Qb7 29. Rxc8 Rxc8 30. Nxb3 Qxd5 31. Kb1 Rc7 32. g6 hxg6 33. hxg6 f6 34. Qh4 Be7 35. Qh7+ Kf8 36. Re1 Qg8 37. Nd4 1-0


[Site "https://www.chess.com"]

[Event "Titled Tuesday Blitz November 01 Early 2022"]
[White "Brown, Andrew"]
[Black "Cramling Bellon, Anna"]
[WhiteFideId "3206513"]
[BlackFideId "32009232"]
[WhiteElo "2245"]
[BlackElo "1972"]
[Result "1-0"]
[Round "10"]
[TimeControl "180+1"]
[Date "2022.11.02"]
[WhiteClock "0:00:39"]
[BlackClock "0:00:01"]

1. d4 Nf6 2. c4 e6 3. Nc3 d5 4. Nf3 Be7 5. g3 c6 6. Bg2 O-O 7. O-O Nbd7 8. b3 b6 9. Bb2 Bb7 10. e4 dxe4 11. Ng5 c5 12. Ngxe4 Nxe4 13. Nxe4 cxd4 14. Qxd4 e5 15. Qd3 f6 16. Nxf6+ Nxf6 17. Qxd8 Raxd8 18. Bxb7 e4 19. Rad1 e3 20. fxe3 Bc5 21. Bd4 Bb4 22. Bxf6 gxf6 23. Rxd8 Rxd8 24. Rxf6 Rd1+ 25. Kg2 Rd2+ 26. Rf2 Rd3 27. Bd5+ Kg7 28. Rf7+ Kh6 29. Rxh7+ Kxh7 30. Be4+ Kg7 31. Bxd3 b5 32. cxb5 Kf6 33. h4 Bc5 34. Kf3 Ke5 35. g4 Kf6 36. g5+ Kg7 37. h5 Bb6 38. h6+ Kh8 39. g6 a5 40. g7+ Kg8 41. Bc4+ Kh7 42. g8=Q+ Kxh6 43. Bf7 a4 44. Qg6# 1-0


[Site "https://www.chess.com"]

[Event "Titled Tuesday Blitz November 01 Early 2022"]
[White "Brueckner, Thomas"]
[Black "Safin, Robert"]
[WhiteFideId "4600452"]
[BlackFideId "34189120"]
[WhiteElo "2332"]
[BlackElo "2219"]
[Result "1/2-1/2"]
[Round "10"]
[TimeControl "180+1"]
[Date "2022.11.02"]
[WhiteClock "0:00:08"]
[BlackClock "0:00:05"]

1. e4 g6 2. d4 Bg7 3. Nc3 c6 4. Nf3 d5 5. h3 dxe4 6. Nxe4 Nf6 7. Nxf6+ Bxf6 8. Bh6 Bf5 9. Bd3 Bxd3 10. Qxd3 Qa5+ 11. c3 Qf5 12. Qxf5 gxf5 13. g3 e6 14. O-O-O Rg8 15. h4 Nd7 16. Bf4 O-O-O 17. c4 Nb6 18. b3 Rd7 19. Ne5 Bxe5 20. Bxe5 Re7 21. Rd2 h5 22. Rhd1 Rg4 23. Bf4 Rd7 24. a4 a5 25. Rd3 Na8 26. Kc2 Nc7 27. Kc3 Na6 28. d5 exd5 29. R3d2 Nb4 30. Re2 Rg8 31. Re5 Rgd8 32. Rxf5 dxc4 33. Rxd7 Rxd7 34. Kxc4 Rd5 35. Rxf7 b5+ 36. axb5 cxb5+ 37. Kc3 Rd3+ 38. Kb2 a4 39. bxa4 bxa4 40. Ra7 Rb3+ 41. Kc1 a3 42. Bd6 a2 43. Bxb4 Rb1+ 44. Kd2 a1=Q 45. Rxa1 Rxa1 46. Bd6 Ra4 47. Bf4 Kd7 48. Ke3 Ke6 49. Kf3 Kf5 50. Kg2 Kg4 51. Be3 Ra2 52. Bd4 Re2 53. Be3 Rc2 54. Bd4 Ra2 55. Be3 Re2 56. Bd4 Rc2 57. Be3 Rc4 58. Bb6 Rc2 59. Be3 Kf5 60. Bd4 Ke4 61. Be3 Re2 62. Bb6 Rc2 63. Ba7 Rb2 64. Bc5 Ra2 65. Bb6 Rc2 66. Ba7 Rb2 67. Bc5 Rc2 68. Ba7 1/2-1/2


[Site "https://www.chess.com"]

[Event "Titled Tuesday Blitz November 01 Early 2022"]
[White "Budrewicz, Krzysztof"]
[Black "Sanchez, Robert"]
[WhiteFideId "1127950"]
[BlackFideId "2034360"]
[WhiteElo "2171"]
[BlackElo "2404"]
[Result "1-0"]
[Round "10"]
[TimeControl "180+1"]
[Date "2022.11.02"]
[WhiteClock "0:02:16"]
[BlackClock "0:01:34"]

1. d4 Nf6 2. c4 e6 3. a3 d5 4. Nf3 Be7 5. Nc3 O-O 6. e3 c5 7. dxc5 Bxc5 8. b4 Be7 9. cxd5 exd5 10. Bb2 Nc6 11. Be2 Bg4 12. O-O Rc8 13. Nb5 Ne4 14. Rc1 a6 15. Nbd4 Nxd4 16. Bxd4 a5 17. Rxc8 Qxc8 18. bxa5 Nc3 19. Bxc3 Qxc3 20. Qxd5 Qxa3 21. Qxb7 1-0


[Site "https://www.chess.com"]

[Event "Titled Tuesday Blitz November 01 Early 2022"]
[White "Buscar, Michael"]
[Black "Warchol, Kamil"]
[WhiteFideId "2603616"]
[BlackFideId "21858241"]
[WhiteElo "2010"]
[BlackElo "2001"]
[Result "0-1"]
[Round "10"]
[TimeControl "180+1"]
[Date "2022.11.02"]
[WhiteClock "0:01:14"]
[BlackClock "0:01:20"]

1. d4 Nf6 2. c4 e6 3. Nc3 Bb4 4. e3 b6 5. Bd3 Bb7 6. Ne2 O-O 7. O-O d5 8. a3 Be7 9. f3 c5 10. Qe1 Nc6 11. Qg3 cxd4 12. exd4 dxc4 13. Bxc4 Nxd4 14. Bh6 Nf5 15. Qh3 Nxh6 16. Rad1 Qc7 17. Bd3 Nd5 18. Bb1 Ne3 19. Nb5 Qc5 20. Nbd4 Nxd1 21. Rxd1 Bf6 22. Rc1 Bxd4+ 0-1


[Site "https://www.chess.com"]

[Event "Titled Tuesday Blitz November 01 Early 2022"]
[White "Cabezas Solano, David Alejandro"]
[Black "Gurevich, Dmitry"]
[WhiteFideId "6507522"]
[BlackFideId "2000407"]
[WhiteElo "2035"]
[BlackElo "2506"]
[Result "0-1"]
[Round "10"]
[TimeControl "180+1"]
[Date "2022.11.02"]
[WhiteClock "0:00:03"]
[BlackClock "0:00:16"]

1. e4 c5 2. Nf3 d6 3. d4 cxd4 4. Nxd4 Nf6 5. Nc3 Nc6 6. Be2 g6 7. O-O Nxd4 8. Qxd4 Bg7 9. Be3 O-O 10. Qd2 Be6 11. h3 a6 12. a4 Rc8 13. a5 Qc7 14. Bb6 Qc6 15. Bf3 Qd7 16. Rad1 Ne8 17. Rfe1 Bc4 18. Qc1 Bxc3 19. bxc3 Qb5 20. e5 d5 21. e6 f6 22. h4 Ng7 23. h5 gxh5 24. Qh6 Rc6 25. Bxh5 Rxe6 26. Rxe6 Nxe6 27. Re1 d4 28. cxd4 Qf5 29. Bf3 Bd5 30. Bxd5 Qxd5 31. c3 Rf7 32. Qh3 Nf4 33. Qc8+ Kg7 34. Qg4+ Qg5 35. Qxg5+ fxg5 36. Bc5 Kf6 37. Rb1 e6 38. Kf1 Rd7 39. g3 Nd5 40. c4 Nc3 41. Rb3 Ne4 42. Bb6 Nd2+ 0-1


[Site "https://www.chess.com"]

[Event "Titled Tuesday Blitz November 01 Early 2022"]
[White "Celestino, Rafael Teixeira"]
[Black "Tarasova, Viktoriya"]
[WhiteFideId "2108925"]
[BlackFideId "4175840"]
[WhiteElo "2421"]
[BlackElo "2182"]
[Result "0-1"]
[Round "10"]
[TimeControl "180+1"]
[Date "2022.11.02"]
[WhiteClock "0:00:20"]
[BlackClock "0:00:11"]

1. e4 c5 2. Nf3 d6 3. d4 cxd4 4. Nxd4 Nf6 5. Nc3 a6 6. Bg5 e6 7. Qd2 Qb6 8. Bxf6 gxf6 9. O-O-O h5 10. f4 h4 11. Be2 Nc6 12. Nf3 Bd7 13. g3 h3 14. Bd3 O-O-O 15. f5 Bh6 16. Kb1 Bxd2 17. Nxd2 Qc7 18. Nc4 Ne5 19. Ne3 Kb8 20. Ne2 Bc6 21. fxe6 fxe6 22. Nd4 Qe7 23. Rhf1 Rdf8 24. c4 Bd7 25. Bc2 Rc8 26. b3 b5 27. cxb5 axb5 28. Rc1 Rc3 29. Nd1 Rc7 30. b4 Rhc8 31. Nb3 Nc4 32. Bd3 Nd2+ 33. Nxd2 Rxc1+ 34. Kb2 d5 35. a3 Qd6 36. Nb3 Qe5+ 37. Ka2 dxe4 38. Bb1 R1c2+ 39. Bxc2 Rxc2+ 40. Kb1 Rxh2 41. Nc5 Bc8 42. g4 e3 43. Re1 e2 44. Nb2 Qd5 45. Kc2 e5 46. a4 Bxg4 47. axb5 Bf5+ 48. Kc3 Qd4+ 49. Kb3 Qd2 50. Na6+ Ka7 51. Rg1 Qe3+ 52. Ka4 Qxg1 53. Nc5 e1=Q 54. b6+ Kxb6 55. Nc4+ Kc7 56. Kb5 Qgf1 57. Na6+ Kd8 58. Nb8 Qc3 59. Nc6+ Ke8 60. Na5 Bd7+ 61. Kb6 Qf2+ 62. Kb7 Qff3+ 63. Kb6 Qd4+ 64. Kc7 Qa7+ 65. Kd6 Qd3# 0-1


[Site "https://www.chess.com"]

[Event "Titled Tuesday Blitz November 01 Early 2022"]
[White "Chernobay, Artem"]
[Black "Mekhitarian, Krikor Sevag"]
[WhiteFideId "4167406"]
[BlackFideId "2107660"]
[WhiteElo "2473"]
[BlackElo "2614"]
[Result "1-0"]
[Round "10"]
[TimeControl "180+1"]
[Date "2022.11.02"]
[WhiteClock "0:00:05"]
[BlackClock "0:00:02"]

1. e4 c5 2. Nf3 e6 3. d4 cxd4 4. Nxd4 a6 5. Bd3 Ne7 6. O-O Nbc6 7. Be3 Qc7 8. c4 Ng6 9. Nc3 Bd6 10. h3 Bh2+ 11. Kh1 Be5 12. Nde2 Nf4 13. Rc1 g5 14. Nd5 exd5 15. cxd5 Qd6 16. Bxf4 gxf4 17. dxc6 dxc6 18. Ng1 Be6 19. Bc4 Qxd1 20. Rfxd1 Bxb2 21. Rc2 Bxc4 22. Rxc4 Be5 23. Nf3 Bc7 24. e5 Ke7 25. Rxf4 Rhd8 26. Rb1 b5 27. Nd4 Bxe5 28. Nxc6+ Kd6 29. Nxe5 Kxe5 30. Rxf7 Rd2 31. Rxh7 Rxf2 32. a4 bxa4 33. Rh5+ Kf6 34. Ra5 Rf4 35. Rb6+ Ke7 36. Raxa6 Rxa6 37. Rxa6 Kd7 38. Kh2 Kc7 39. Kg3 Kb7 40. Ra5 Kb6 41. Ra8 Kb7 42. Re8 Rb4 43. h4 a3 44. Re1 a2 45. Ra1 Ra4 46. h5 Kc6 47. h6 Ra7 48. Kh4 Kd6 49. Kh5 Ke5 50. g4 Ra3 51. h7 Kf4 52. g5 Rh3+ 53. Kg6 Rh2 54. Rxa2 Rxa2 55. h8=Q Ra6+ 56. Kh5 1-0


[Site "https://www.chess.com"]

[Event "Titled Tuesday Blitz November 01 Early 2022"]
[White "Chernomordik, Pavel"]
[Black "Fudalej, Michal"]
[WhiteFideId "2804530"]
[BlackFideId "1118781"]
[WhiteElo "2217"]
[BlackElo "2088"]
[Result "1-0"]
[Round "10"]
[TimeControl "180+1"]
[Date "2022.11.02"]
[WhiteClock "0:01:02"]
[BlackClock "0:00:12"]

1. e4 c6 2. Nc3 d5 3. Nf3 Bg4 4. h3 Bxf3 5. Qxf3 Nf6 6. d3 e6 7. Qg3 Qb6 8. Be2 d4 9. Nb1 Bb4+ 10. c3 Bf8 11. O-O Nbd7 12. cxd4 Qxd4 13. Nc3 O-O-O 14. Be3 Qb4 15. Bxa7 b6 16. d4 Kb7 17. Bxb6 Nxb6 18. d5 exd5 19. e5 Ne4 20. Nxe4 Qxe4 21. Rfe1 Qg6 22. Qb3 Rb8 23. a4 Kc7 24. a5 Nc4 25. Qa4 Nxb2 26. Qd4 Nc4 27. Bxc4 dxc4 28. Qxc4 Qe6 29. Qd4 Bb4 30. Reb1 Rhd8 31. Qf4 Bc5 32. Rxb8 Rxb8 33. Rc1 Rb5 34. a6 Ba7 35. Re1 Qb3 36. e6+ Kb6 37. e7 1-0


[Site "https://www.chess.com"]

[Event "Titled Tuesday Blitz November 01 Early 2022"]
[White "Chigaev, Maksim"]
[Black "Bortnyk, Olexandr"]
[WhiteFideId "4108116"]
[BlackFideId "14120828"]
[WhiteElo "2537"]
[BlackElo "2723"]
[Result "0-1"]
[Round "10"]
[TimeControl "180+1"]
[Date "2022.11.01"]
[WhiteClock "0:00:04"]
[BlackClock "0:00:08"]

1. Nf3 d6 2. g3 g6 3. Bg2 Bg7 4. O-O Nc6 5. d3 Bd7 6. e4 Qc8 7. Re1 Bh3 8. Nc3 h5 9. Bxh3 Qxh3 10. Nd5 Qd7 11. h4 e6 12. Ne3 Nh6 13. c3 O-O 14. d4 Rae8 15. Bd2 a6 16. a4 f5 17. exf5 Nxf5 18. Nxf5 Rxf5 19. Ng5 Bf6 20. Ne4 Be7 21. Bg5 Kg7 22. Bxe7 Rxe7 23. b4 Nd8 24. Ra2 Nf7 25. a5 Qc6 26. Rae2 e5 27. d5 Qc4 28. Re3 Nh6 29. f3 Rf8 30. Qd3 Qb3 31. Rb1 Qa2 32. Ree1 Qa4 33. Ng5 Rf6 34. Ne6+ Kg8 35. f4 Ng4 36. Ra1 Qe8 37. Qd2 Rf5 38. c4 c6 39. Rad1 cxd5 40. cxd5 exf4 41. gxf4 Nf6 42. Qg2 Rxf4 43. Rf1 Rg4 44. Rxf6 Rxg2+ 45. Kxg2 Qb5 46. Rxg6+ Kh7 47. Nf8+ Kh8 48. Rf1 Qxd5+ 49. Kg1 Qd4+ 50. Kh1 Qxh4+ 51. Kg1 Qd4+ 52. Kh1 Qe4+ 53. Kg1 Rg7 54. Rf6 Qd4+ 55. Kh2 Qe5+ 56. Kh3 Qe3+ 57. Kh4 Rxg6 58. Nxg6+ Kg7 59. Kxh5 Kxf6 0-1


[Site "https://www.chess.com"]

[Event "Titled Tuesday Blitz November 01 Early 2022"]
[White "Clawitter, Craig"]
[Black "Sernecki, Franciszek"]
[WhiteFideId "2023105"]
[BlackFideId "1169297"]
[WhiteElo "2315"]
[BlackElo "2209"]
[Result "1-0"]
[Round "10"]
[TimeControl "180+1"]
[Date "2022.11.02"]
[WhiteClock "0:00:13"]
[BlackClock "0:01:11"]

1. e4 e6 2. d4 d5 3. e5 c5 4. c3 Qd7 5. Nf3 b6 6. Nbd2 Ne7 7. a4 Ba6 8. a5 Bxf1 9. Nxf1 Qb7 10. h4 Nbc6 11. a6 Qc7 12. h5 cxd4 13. cxd4 Na5 14. h6 Nf5 15. hxg7 Bb4+ 16. Bd2 Bxd2+ 17. N1xd2 Nxg7 18. Rc1 Qd7 19. b4 Nc4 20. Rxc4 dxc4 21. Ne4 Ke7 22. Qc1 Qd5 23. Qg5+ Kf8 24. Nd6 Nf5 25. Qf6 Nxd6 26. Qxh8+ Ke7 27. exd6+ Kd7 28. Qe5 c3 29. Qxd5 exd5 30. Kd1 Rc8 31. Kc2 Rc4 32. Ne5+ Kxd6 33. Nxc4+ dxc4 34. Rh5 b5 1-0


[Site "https://www.chess.com"]